[Event "ICCopen2017"]
[Site "Internet Chess Club"]
[Date "2017.03.25"]
[Round "10"]
[White "GulkovIgor"]
[Black "WhiteMoon"]
[Result "1/2-1/2"]
[ICCResult "Game drawn because neither player has mating material"]
[WhiteElo "2312"]
[BlackElo "2035"]
[Opening "QGD: Tarrasch, Prague variation, 9.Bg5"]
[ECO "D02"]
[NIC "TD.03"]
[Time "15:59:11"]
[TimeControl "180+0"]

1. Nf3 d5 2. d4 c5 3. c4 e6 4. cxd5 exd5 5. g3 Nc6 6. Bg2 Nf6 7. O-O Be7 8.
Nc3 O-O 9. Bg5 c4 10. Ne5 Be6 11. Nxc6 bxc6 12. b3 Qa5 13. Na4 Rac8 14. Qc2
c5 15. dxc5 Bxc5 16. Bxf6 gxf6 17. Nxc5 Qxc5 18. Rac1 Rfd8 19. e3 Qa3 20.
bxc4 dxc4 21. Be4 h6 22. Qc3 Qxc3 23. Rxc3 Rd2 24. a3 Rb8 25. Rc2 Rxc2 26.
Bxc2 Rb2 27. Rc1 Ra2 28. a4 Bd7 29. Kf1 Kf8 30. Bd1 Bxa4 31. Be2 Bb3 32.
Bxc4 Bxc4+ 33. Rxc4 a5 34. Rc7 Kg7 35. Kg2 f5 36. Rc5 Kg6 37. Rc6+ f6 38.
Kf3 h5 39. h4 a4 40. Ra6 Ra1 41. Ra7 Ra3 42. Kg2 Ra2 43. Kf3 Ra1 44. Kg2 f4
45. gxf4 Kf5 46. Kf3 Ke6 47. Ra6+ Kf7 48. e4 a3 49. f5 Ra2 50. Ke3 Ke7 51.
f3 Ra1 52. Kf4 a2 53. Ra5 Kd6 54. Ra6+ Kc5 55. Ra8 Kd4 56. Rd8+ Kc3 57. Ra8
Kd3 58. Ra3+ Ke2 59. e5 fxe5+ 60. Kxe5 Kf2 61. Kf6 Kg3 62. Kf7 Kxh4 63. f6
Kg5 64. Ra5+ Kf4 65. Kf8 Kxf3 66. f7 Kg4 67. Ra4+ Kg5 68. Kg8 Rf1 69. Rxa2
Rxf7 70. Rg2+ Kf4 71. Rf2+ Kg4 72. Rxf7 h4 73. Rh7 h3 74. Rxh3 Kxh3
{Game drawn because neither player has mating material}
1/2-1/2

[Event "ICCopen2017"]
[Site "Internet Chess Club"]
[Date "2017.03.25"]
[Round "10"]
[White "uggi"]
[Black "fishmaster"]
[Result "1-0"]
[ICCResult "Black checkmated"]
[WhiteElo "1928"]
[BlackElo "1733"]
[Opening "King's Indian: Sämisch, 5...O-O"]
[ECO "E81"]
[NIC "KI.48"]
[Time "15:59:21"]
[TimeControl "180+0"]

1. d4 Nf6 2. c4 g6 3. Nc3 Bg7 4. e4 d6 5. f3 O-O 6. Be3 Nbd7 7. Nge2 c5 8.
Qd2 cxd4 9. Nxd4 Ne5 10. Be2 a6 11. O-O Nc6 12. Rad1 Qc7 13. b3 Rd8 14. Rc1
Qb8 15. Nd5 Nxd5 16. cxd5 Ne5 17. f4 Ng4 18. Bxg4 Bxg4 19. Rc2 Bd7 20. Rfc1
Rc8 21. Rxc8+ Bxc8 22. Qc3 Bd7 23. Qc7 Qa7 24. Nf5 b6 25. Nxe7+ Kf8 26. Qxa7
Rxa7 27. Nc8 Bxc8 28. Rxc8+ Ke7 29. Bxb6 Rb7 30. Rc7+ Rxc7 31. Bxc7 Bd4+ 32.
Kf1 Kd7 33. Ba5 Bc5 34. Ke2 Bg1 35. h3 Bh2 36. f5 Be5 37. Kd3 Kc8 38. Bc3
Bf4 39. g4 Kb7 40. Kc4 Kb6 41. a4 Bg3 42. b4 Bf4 43. a5+ Kb7 44. b5 Bg3 45.
Bd4 Bf4 46. e5 dxe5 47. Bc5 Bd2 48. bxa6+ Kxa6 49. Bb4 Bf4 50. d6 e4 51. d7
Bc7 52. Be7 Kxa5 53. d8=Q Bxd8 54. Bxd8+ Ka6 55. Kd4 e3 56. Kxe3 Kb7 57. Ba5
Kc6 58. Kf4 Kd7 59. Bb4 Ke8 60. f6 Kd7 61. Kg5 Ke6 62. Be7 Kd7 63. Kh6 Ke6
64. Kxh7 Ke5 65. Kg7 Kf4 66. Kxf7 Kg3 67. Kxg6 Kxh3 68. f7 Kxg4 69. f8=Q Kg3
70. Qf1 Kg4 71. Qf5+ Kg3 72. Bd6+ Kg2 73. Kh5 Kg1 74. Kg4 Kg2 75. Qf3+ Kg1
76. Qg3+ Kh1 77. Qh2# {Black checkmated} 1-0

[Event "ICCopen2017"]
[Site "Internet Chess Club"]
[Date "2017.03.25"]
[Round "10"]
[White "nadalthegreat"]
[Black "AlonzoMosely"]
[Result "1-0"]
[ICCResult "Black resigns"]
[WhiteElo "2041"]
[BlackElo "2204"]
[Opening "King's Indian with e4 & g3"]
[ECO "E72"]
[NIC "KI.29"]
[Time "15:59:43"]
[TimeControl "180+0"]

1. d4 Nf6 2. c4 g6 3. Nc3 Bg7 4. e4 d6 5. g3 O-O 6. Bg2 Nc6 7. Nf3 e5 8.
dxe5 dxe5 9. Qxd8 Rxd8 10. Bg5 Nd4 11. Nd5 Nc2+ 12. Ke2 Rxd5 13. exd5 Nxa1
14. Rxa1 e4 15. Nd2 Bf5 16. Re1 c6 17. dxc6 bxc6 18. Kf1 Re8 19. b3 Kh8 20.
Bxf6 Bxf6 21. Nxe4 Bd4 22. Nd6 Rxe1+ 23. Kxe1 Bc3+ 24. Ke2 Bb1 25. Nxf7+ Kg7
26. Nd8 Bxa2 27. Nxc6 Bxb3 28. Bd5 a5 29. Ne7 a4 30. c5 a3 31. Bxb3 Bd4 32.
c6 Bb6 33. Nd5 Bd8 34. c7 Bxc7 35. Nxc7 a2 36. Bxa2 Kf6 37. Nd5+ Ke5 38. Ne3
g5 39. Kf3 {Black resigns} 1-0

[Event "ICCopen2017"]
[Site "Internet Chess Club"]
[Date "2017.03.25"]
[Round "10"]
[White "shirovinster"]
[Black "alejandrorios"]
[Result "0-1"]
[ICCResult "White forfeits on time"]
[WhiteElo "1792"]
[BlackElo "1922"]
[Opening "English opening"]
[ECO "A20"]
[NIC "EO.24"]
[Time "15:59:47"]
[TimeControl "180+0"]

1. c4 e5 2. g3 Nf6 3. Bg2 Nc6 4. Nc3 Bb4 5. Nd5 Bc5 6. e3 d6 7. Ne2 O-O 8.
O-O Nxd5 9. cxd5 Ne7 10. d4 exd4 11. Nxd4 Bb6 12. b3 Ng6 13. Bb2 Re8 14. Rc1
Bd7 15. Qd2 a5 16. Qc3 f6 17. Ne6 Bxe6 18. dxe6 c6 19. f4 Rxe6 20. Qc4 d5
21. Qc2 Rxe3 22. Kh1 Qe7 23. Bc3 Re8 24. Bd2 Re2 25. Bf3 Rxd2 26. Qxd2 Be3
27. Qc2 Bxc1 28. Rxc1 Nf8 29. Qd2 Qb4 30. Qxb4 axb4 31. Rc2 Re1+ 32. Kg2 Ra1
33. Bg4 Re1 34. Bc8 Re7 35. a3 bxa3 36. Ra2 Rc7 37. Bg4 g6 38. Rxa3 f5 39.
Bf3 Ne6 40. Ra2 Kf7 41. b4 Ke7 42. b5 Kd6 43. bxc6 bxc6 44. Ra6 Nd4 45. Bd1
Rb7 46. Kf1 Rb2 47. h4 Rb1 48. Ke1 Nb5 49. Kd2 Nc7 50. Ra7 Rb2+ 51. Kc1 Rg2
52. h5 Rxg3 53. hxg6 hxg6 54. Ra2 Rc3+ 55. Kd2 Rc4 56. Rb2 Rxf4 57. Ke3 Re4+
58. Kd2 Ne6 59. Rb3 g5 60. Rg3 g4 61. Rg1 Rb4 62. Rf1 Ke5 63. Re1+ Re4 64.
Rf1 Nf4 {White forfeits on time} 0-1

[Event "ICCopen2017"]
[Site "Internet Chess Club"]
[Date "2017.03.25"]
[Round "10"]
[White "GOODZYLLA"]
[Black "lagarto300"]
[Result "1-0"]
[ICCResult "Black forfeits on time"]
[WhiteElo "1775"]
[BlackElo "1964"]
[Opening "Queen's pawn game"]
[ECO "E67"]
[NIC "KI.79"]
[Time "15:59:38"]
[TimeControl "180+0"]

1. d4 Nf6 2. Nf3 d6 3. g3 g6 4. Bg2 Bg7 5. O-O O-O 6. c4 Nbd7 7. Nc3 a6 8.
d5 Rb8 9. a4 Ng4 10. h3 Nge5 11. Nd2 f5 12. a5 b5 13. cxb5 axb5 14. a6 b4
15. a7 Ra8 16. Nb5 Nc5 17. Qc2 Bd7 18. Nd4 Qc8 19. Nc4 Qb7 20. Nxe5 Bxe5 21.
Nc6 Bxc6 22. dxc6 Qb6 23. Bh6 Bg7 24. Qc4+ Kh8 25. Bxg7+ Kxg7 26. Ra2 b3 27.
Ra3 Rxa7 28. Qc3+ Rf6 29. Rxa7 Qxa7 30. g4 fxg4 31. hxg4 h6 32. Qe3 e5 33.
g5 hxg5 34. Qxg5 Qa4 35. Qg3 Qf4 36. Qh3 g5 37. Qc8 Rf7 38. Qe8 e4 39. e3
Qf5 40. Ra1 Qxf2+ 41. Kh1 Kf6 42. Qd8+ Kg6 43. Qg8+ Rg7 44. Qe8+ Kh7 45.
Qh5+ Kg8 46. Ra8+ Qf8 47. Rxf8+ Kxf8 48. Qg4 Rh7+ 49. Kg1 Rg7 50. Bh3 Rf7
51. Qc8+ Kg7 52. Bg4 Nd3 53. Qe6 {Black forfeits on time} 1-0

[Event "ICCopen2017"]
[Site "Internet Chess Club"]
[Date "2017.03.25"]
[Round "10"]
[White "Heian"]
[Black "lion100"]
[Result "1-0"]
[ICCResult "Black forfeits on time"]
[WhiteElo "1477"]
[BlackElo "1311"]
[Opening "Caro-Kann: Tartakower (fantasy) variation"]
[ECO "B12"]
[NIC "CK.02"]
[Time "15:59:41"]
[TimeControl "180+0"]

1. e4 c6 2. d4 d5 3. f3 dxe4 4. fxe4 e6 5. Nf3 Nf6 6. Bd3 Be7 7. O-O O-O 8.
e5 Nd5 9. Nc3 Nd7 10. Ne4 N7b6 11. c4 Nc7 12. Be3 Nd7 13. Neg5 h6 14. Nh3 f6
15. Bc2 fxe5 16. dxe5 Qe8 17. Qd3 g6 18. Bxh6 Rf5 19. Rae1 Nf8 20. Nfg5 b5
21. b3 a5 22. Rxf5 exf5 23. Qc3 Nce6 24. Nxe6 Bxe6 25. Ng5 Bxg5 26. Bxg5
bxc4 27. bxc4 c5 28. Qg3 Nh7 29. Bh6 Rd8 30. Rd1 Rxd1+ 31. Bxd1 Kf7 32. Bh5
Qg8 33. Be2 Nf8 34. Qe3 Qh8 35. Bg5 Nd7 36. Qd2 Qb8 37. Bf4 Qb1+ 38. Kf2 Qe4
39. Bf3 Qxc4 40. h3 Qd4+ 41. Qxd4 cxd4 42. Ke2 Bxa2 43. Kd3 Bb3 44. Kxd4 a4
45. Kc3 {Black forfeits on time} 1-0

[Event "ICCopen2017"]
[Site "Internet Chess Club"]
[Date "2017.03.25"]
[Round "10"]
[White "TeddyBear"]
[Black "Alfred"]
[Result "1-0"]
[ICCResult "Black forfeits on time"]
[WhiteElo "1548"]
[BlackElo "1201"]
[Opening "QGD"]
[ECO "D52"]
[NIC "SL.03"]
[Time "15:59:24"]
[TimeControl "180+0"]

1. d4 d5 2. c4 c6 3. Nc3 Nf6 4. Nf3 Nbd7 5. Bg5 e6 6. e3 Bb4 7. a3 Be7 8.
Bd3 O-O 9. O-O c5 10. Ne5 cxd4 11. exd4 Nxe5 12. dxe5 Nd7 13. Bf4 Bg5 14.
Qg4 Bxf4 15. Qxf4 f6 16. Qg4 Nxe5 17. Qh3 Nxd3 18. Qxd3 dxc4 19. Qxc4 a6 20.
Rad1 Qe7 21. Ne4 Bd7 22. Nc5 Bb5 23. Qxe6+ Qxe6 24. Nxe6 Rfe8 25. Rfe1 Re7
26. Nd4 Rxe1+ 27. Rxe1 Rd8 28. Nxb5 axb5 29. g3 Rd2 30. b4 Rb2 31. Re7 Rb3
32. Rxb7 Rxa3 33. Rxb5 Rb3 34. Rb7 Kf8 35. b5 h5 36. Kg2 g5 37. b6 Ke8 38.
h3 Kd8 39. Rb8+ Kd7 40. g4 hxg4 41. hxg4 Kc6 42. Rf8 Rb4 43. Rxf6+ Kb7 44.
Rg6 Rxg4+ 45. Kf3 Rb4 46. Rxg5 Rxb6 47. Kg4 Rf6 48. f4 Kc7 49. Rg7+ Kd8 50.
Kg5 Rf8 51. f5 Ke8 52. f6 Rf7 53. Kg6 Rxg7+ 54. fxg7 {Black forfeits on
time} 1-0

[Event "ICCopen2017"]
[Site "Internet Chess Club"]
[Date "2017.03.25"]
[Round "10"]
[White "MrsPiggy"]
[Black "icewoman"]
[Result "1-0"]
[ICCResult "Black forfeits on time"]
[WhiteElo "1307"]
[BlackElo "1059"]
[Opening "Queen's pawn game"]
[ECO "D00"]
[NIC "QP.08"]
[Time "15:59:24"]
[TimeControl "180+0"]

1. d4 d5 2. e3 Nf6 3. c4 e6 4. Nf3 Bd6 5. Be2 b6 6. O-O Bb7 7. b3 O-O 8. Bb2
Nbd7 9. Nc3 Ne4 10. Nb5 Be7 11. Na3 f5 12. Nc2 Rf6 13. Ne5 Nxe5 14. dxe5 Rh6
15. f3 Nf6 16. Qe1 Nh5 17. Bc1 Qf8 18. f4 g5 19. Bxh5 g4 20. Bxg4 fxg4 21.
Qg3 Qg7 22. cxd5 exd5 23. Nd4 Bh4 24. Nf5 Bxg3 25. Nxg7 Kxg7 26. hxg3 Rf8
27. Kf2 Rf7 28. Bb2 Kg8 29. Rh1 Rxh1 30. Rxh1 Rg7 31. Rd1 c6 32. a4 b5 33.
axb5 cxb5 34. Rc1 a6 35. Rc5 Rg6 36. Bd4 h5 37. Rc1 Rc6 38. Rxc6 Bxc6 39.
Ke2 Kg7 40. Kd3 Kf7 41. Kc3 Ke6 42. Kb4 Kf5 43. Kc5 Bb7 44. Kb6 Bc8 45. Kc7
Be6 46. Kb6 Ke4 47. Kxa6 b4 48. Kb5 Bd7+ 49. Kxb4 Bc6 50. Kc5 Kd3 51. Kxc6
{Black forfeits on time}
1-0

[Event "ICCopen2017"]
[Site "Internet Chess Club"]
[Date "2017.03.25"]
[Round "10"]
[White "flashlight"]
[Black "ASidorov"]
[Result "0-1"]
[ICCResult "White forfeits on time"]
[WhiteElo "2036"]
[BlackElo "2304"]
[Opening "Trompowsky attack (Ruth, Opocenský opening)"]
[ECO "A45"]
[NIC "QP.07"]
[Time "15:59:37"]
[TimeControl "180+0"]

1. d4 Nf6 2. Bg5 g6 3. Bxf6 exf6 4. e3 Bg7 5. Ne2 f5 6. h4 h5 7. Nf4 O-O 8.
Bc4 Nc6 9. Nc3 Ne7 10. Qf3 c6 11. d5 b5 12. Bb3 c5 13. d6 Nc6 14. Bd5 Ne5
15. Qg3 Rb8 16. Nxg6 Nxg6 17. Qxg6 Qf6 18. Qxh5 b4 19. Na4 Ba6 20. Rd1 Rbc8
21. c4 bxc3 22. Nxc3 Rb8 23. Bb3 c4 24. Nd5 Qxd6 25. Qg5 Rfe8 26. h5 Kh7 27.
h6 Bxb2 28. Qxf5+ Qg6 29. Qxg6+ fxg6 30. Bc2 Be5 31. f4 Bh8 32. Kf2 Rb2 33.
Rc1 Rxa2 34. Kf3 Bb2 35. Rb1 Bh8 36. e4 Rxc2 37. Ra1 Rd2 38. Rxa6 Rd3+ 39.
Kg4 Rxe4 40. Rxa7 Rxd5 41. Rf1 Be5 42. Rxd7+ Rxd7 43. Kg5 Rxf4 44. Rxf4
Bxf4+ 45. Kxf4 Rd4+ 46. Kg5 Rd3 47. Kf6 Rd5 48. Ke6 Rd6+ 49. Kxd6 c3 50. Kd5
c2 51. Ke6 c1=Q 52. Kf6 Qf4+ 53. Ke6 Qg3 54. Kd7 Qxg2 {White forfeits on
time} 0-1

[Event "ICCopen2017"]
[Site "Internet Chess Club"]
[Date "2017.03.25"]
[Round "10"]
[White "sacov"]
[Black "ural"]
[Result "0-1"]
[ICCResult "White checkmated"]
[WhiteElo "2136"]
[BlackElo "2375"]
[Opening "Queen's pawn game, Chigorin variation"]
[ECO "D02"]
[NIC "QP.08"]
[Time "16:00:38"]
[TimeControl "180+0"]

1. d4 d5 2. Nf3 Nc6 3. c4 Bg4 4. Nc3 Bxf3 5. gxf3 dxc4 6. d5 Ne5 7. f4 Nd7
8. e4 Nb6 9. a4 a5 10. Be3 Rc8 11. Qd4 Nf6 12. Bxc4 Nxc4 13. Qxc4 c6 14.
dxc6 Rxc6 15. Qb5 e6 16. Rd1 Qc7 17. e5 Ng4 18. Bd4 Bb4 19. h3 Nh6 20. Rg1
O-O 21. Ke2 Nf5 22. Be3 Bxc3 23. bxc3 Rxc3 24. Rd7 Qc6 25. Qxc6 bxc6 26. Ra7
Rb8 27. Rd1 c5 28. Rxa5 g6 29. Rxc5 Rb2+ 30. Kf3 Ra3 31. Rc8+ Kg7 32. Rc4
Rbb3 33. Re1 Rd3 34. Ke4 Kh6 35. Bc5 Rab3 36. Bf8+ Kh5 37. Rg1 h6 38. a5
Rxh3 39. a6 Rhe3+ 40. fxe3 Rxe3# {White checkmated} 0-1

[Event "ICCopen2017"]
[Site "Internet Chess Club"]
[Date "2017.03.25"]
[Round "10"]
[White "Kjaan1974"]
[Black "hon"]
[Result "1-0"]
[ICCResult "Black forfeits on time"]
[WhiteElo "1408"]
[BlackElo "1260"]
[Opening "French defense"]
[ECO "C00"]
[NIC "FR.01"]
[Time "15:59:39"]
[TimeControl "180+0"]

1. e4 e6 2. Nc3 d5 3. exd5 exd5 4. d4 c6 5. Nf3 Bd6 6. h3 Ne7 7. Bd3 O-O 8.
Be3 Bf5 9. Qd2 Re8 10. O-O-O b5 11. Ne5 Bxd3 12. Qxd3 f6 13. Ng4 Ng6 14.
Rde1 Nd7 15. g3 Nb6 16. f4 Nc4 17. b3 Ba3+ 18. Kb1 Nxe3 19. Nxe3 a5 20. Nf5
a4 21. Rxe8+ Qxe8 22. Ne2 axb3 23. cxb3 Qe4 24. Qxe4 dxe4 25. Nc3 Re8 26.
Re1 Bb4 27. Rxe4 Rxe4 28. Nxe4 Nf8 29. Nc5 Kf7 30. Nd6+ Ke7 31. Nf5+ Kf7 32.
Kb2 Ne6 33. Nxe6 Kxe6 34. Ne3 Be1 35. g4 Bd2 36. f5+ Ke7 37. Nf1 Kd6 38.
Nxd2 Kd5 39. Kc3 c5 40. dxc5 Kxc5 41. b4+ Kc6 42. Ne4 Kd5 43. Nc5 Kc6 44.
Ne6 g6 45. fxg6 hxg6 46. Kd4 Kd6 47. Nc5 Kc6 48. Ne4 f5 49. gxf5 gxf5 50.
Ng5 Kd6 51. h4 Ke7 52. h5 Kf6 53. h6 Kg6 54. h7 f4 55. h8=Q Kxg5 56. Qe5+
Kg4 57. Qxb5 f3 58. Qd7+ Kg3 59. Qg7+ {Black forfeits on time} 1-0

[Event "ICCopen2017"]
[Site "Internet Chess Club"]
[Date "2017.03.25"]
[Round "10"]
[White "centralsquare"]
[Black "PRAX"]
[Result "1-0"]
[ICCResult "Black forfeits on time"]
[WhiteElo "1482"]
[BlackElo "1563"]
[Opening "QGD semi-Slav"]
[ECO "D43"]
[NIC "SL.06"]
[Time "15:59:37"]
[TimeControl "180+0"]

1. d4 c6 2. c4 d5 3. Nc3 e6 4. Nf3 Nf6 5. Bg5 Be7 6. e3 Nbd7 7. Be2 a6 8.
O-O O-O 9. cxd5 exd5 10. Rc1 Re8 11. h3 Nf8 12. Ne5 Ne6 13. Bh4 g6 14. f4
Kg7 15. f5 Nf8 16. Nxf7 Kxf7 17. fxg6+ Nxg6 18. Bg5 Kg7 19. h4 Rf8 20. h5
Nh8 21. Bd3 Nf7 22. h6+ Kg8 23. Qf3 Nxg5 24. Qg3 Ne4 25. Rxf8+ Kxf8 26. Rf1+
Ke8 27. Bxe4 Nxe4 28. Qg8+ Kd7 29. Qxh7 Ng5 30. Qf5+ Kc7 31. Qe5+ Kb6 32.
Na4+ Ka7 33. h7 Nxh7 34. Rf7 Ng5 35. Rxe7 Ne4 36. Qc7 Qxc7 37. Rxc7 Bg4 38.
Nc3 Rf8 39. Rg7 Rf2 40. Rxg4 Rxb2 41. Nxe4 Rxa2 42. Nd6 a5 43. Rg7 a4 44.
Rxb7+ Ka6 45. Rb8 a3 46. Ra8+ Kb6 47. Rb8+ Kc7 48. Rb7+ Kxd6 49. Ra7
{Black forfeits on time}
1-0

[Event "ICCopen2017"]
[Site "Internet Chess Club"]
[Date "2017.03.25"]
[Round "10"]
[White "Red-white"]
[Black "ZavenGrozny"]
[Result "1/2-1/2"]
[ICCResult "Game drawn by repetition"]
[WhiteElo "3020"]
[BlackElo "3111"]
[Opening "Old Benoni defense"]
[ECO "A46"]
[NIC "QP.06"]
[Time "16:00:18"]
[TimeControl "180+0"]

1. d4 Nf6 2. Nf3 c5 3. d5 g6 4. Nc3 Bg7 5. e4 d6 6. Bb5+ Nbd7 7. a4 O-O 8.
O-O a6 9. Bd3 Rb8 10. h3 Ne8 11. Re1 Nc7 12. a5 b5 13. axb6 Rxb6 14. Ra2 Nb5
15. Ne2 Ne5 16. Nxe5 Bxe5 17. c3 e6 18. Bf4 Bxf4 19. Nxf4 e5 20. Ne2 f5 21.
exf5 gxf5 22. f4 e4 23. Bc4 Qh4 24. Rf1 Kh8 25. Qe1 Qh6 26. Ng3 Rg8 27. Kh2
Nc7 28. b4 cxb4 29. cxb4 Ne8 30. Qc3+ Qf6 31. Qa3 Qg6 32. Qe3 Rb8 33. Bxa6
Bxa6 34. Rxa6 Rb7 35. Rf2 Rbg7 36. Nf1 Nf6 37. Qd4 Nh5 38. Ra7 Nxf4 39. Rxg7
Rxg7 40. g4 Qh6 41. Qe3 Rxg4 42. Qc3+ Kg8 43. Qc8+ Kg7 44. Qc7+ Kh8 45. Qc3+
Kg8 46. Qc8+ Kg7 47. Qc7+ Kh8 48. Qc3+ Kg8 49. Qc8+ {Game drawn by
repetition} 1/2-1/2

[Event "ICCopen2017"]
[Site "Internet Chess Club"]
[Date "2017.03.25"]
[Round "10"]
[White "GreyWarden"]
[Black "Svinotigr"]
[Result "1-0"]
[ICCResult "Black forfeits on time"]
[WhiteElo "1970"]
[BlackElo "1733"]
[Opening "King's pawn opening"]
[ECO "B07"]
[NIC "VO.17"]
[Time "16:00:17"]
[TimeControl "180+0"]

1. e4 d6 2. d4 Nd7 3. Nc3 e5 4. Nf3 g6 5. Bc4 Bg7 6. O-O Ngf6 7. Qe2 O-O 8.
Rd1 Qe7 9. h3 c6 10. a4 a5 11. d5 c5 12. Nb5 h5 13. Bd2 Rd8 14. c3 Nf8 15.
b4 axb4 16. cxb4 b6 17. bxc5 bxc5 18. Ne1 Ba6 19. Nd3 N8h7 20. Na3 Bxc4 21.
Nxc4 h4 22. a5 Nh5 23. Rdb1 Nf4 24. Nxf4 exf4 25. Ra3 Bd4 26. Bxf4 Ng5 27.
e5 dxe5 28. Nxe5 Qf6 29. Bxg5 Qxg5 30. Nc6 Re8 31. Qf3 Bg7 32. d6 Re6 33. d7
Bd4 34. Nxd4 cxd4 35. Qxa8+ Kg7 36. d8=Q {Black forfeits on time} 1-0

[Event "ICCopen2017"]
[Site "Internet Chess Club"]
[Date "2017.03.25"]
[Round "10"]
[White "GrandPatzer5"]
[Black "CIROVICZCHESS"]
[Result "1-0"]
[ICCResult "Black checkmated"]
[WhiteElo "1881"]
[BlackElo "1573"]
[Opening "French: King's Indian attack"]
[ECO "C00"]
[NIC "FR.02"]
[Time "15:59:50"]
[TimeControl "180+0"]

1. e4 e6 2. d3 c5 3. Qe2 Nc6 4. Nf3 Nf6 5. g3 Be7 6. Bg2 O-O 7. O-O d5 8. e5
Nd7 9. c4 d4 10. h4 Qc7 11. Bf4 Qb6 12. b3 f5 13. exf6 Rxf6 14. Bg5 Rg6 15.
h5 Rxg5 16. Nxg5 Bxg5 17. Qxe6+ Kf8 18. Qf5+ Bf6 19. Qxh7 Nce5 20. Bd5 Nf7
21. Re1 Nde5 22. f4 Qb4 23. Na3 Bg4 24. fxe5 Nxe5 25. Qg8+ Ke7 26. Qf7+ Kd6
27. Rxe5 Bxe5 28. Nb5+ Qxb5 29. cxb5 Rh8 30. Qxb7 Rxh5 31. Qc6+ Ke7 32.
Qxc5+ Kf6 33. Rf1+ Kg5 34. Qe7+ Kg6 35. Bf7+ Kh6 36. Bxh5 Bxh5 37. Rf5 Bf6
38. Rxf6+ gxf6 39. Qxf6+ Bg6 40. g4 a5 41. g5+ Kh5 42. Kg2 Bxd3 43. Kg3 Be4
44. g6 Bxg6 45. Qxd4 Bf5 46. b6 a4 47. b7 axb3 48. b8=Q bxa2 49. Qbh8+ Kg6
50. Qdf6# {Black checkmated} 1-0

[Event "ICCopen2017"]
[Site "Internet Chess Club"]
[Date "2017.03.25"]
[Round "10"]
[White "StevieMcStiefel"]
[Black "CapitanCentella"]
[Result "0-1"]
[ICCResult "White forfeits on time"]
[WhiteElo "1626"]
[BlackElo "1804"]
[Opening "Caro-Kann: advance variation"]
[ECO "B12"]
[NIC "CK.04"]
[Time "15:59:40"]
[TimeControl "180+0"]

1. e4 c6 2. d4 d5 3. e5 Bf5 4. c4 e6 5. Nc3 Nd7 6. Nge2 dxc4 7. Ng3 Bd3 8.
Bxd3 cxd3 9. O-O Nb6 10. Qxd3 Ne7 11. f4 g6 12. Nce4 Ned5 13. Ng5 Be7 14.
N3e4 Nb4 15. Qd2 c5 16. a3 N4d5 17. dxc5 Nd7 18. Nd6+ Bxd6 19. cxd6 O-O 20.
Qf2 h6 21. Ne4 Qb6 22. Qxb6 N7xb6 23. b3 Rac8 24. Bb2 Ne3 25. Rf2 Nbd5 26.
b4 Rfd8 27. Rc1 Rxc1+ 28. Bxc1 Kf8 29. Re2 Nf5 30. g4 Nd4 31. Rf2 Ke8 32.
Bb2 Nc6 33. Nc5 b6 34. Nb7 Rb8 35. d7+ Kxd7 36. Nd6 Rf8 37. f5 gxf5 38. gxf5
Rg8+ 39. Kf1 b5 40. Ke2 Rg4 41. fxe6+ fxe6 42. Rf7+ Nce7 43. Rxe7+ Nxe7 44.
Nxb5 Nd5 45. Bd4 Rg2+ {White forfeits on time} 0-1

[Event "ICCopen2017"]
[Site "Internet Chess Club"]
[Date "2017.03.25"]
[Round "10"]
[White "Step2Me"]
[Black "Marcoluis"]
[Result "0-1"]
[ICCResult "White resigns"]
[WhiteElo "1390"]
[BlackElo "1613"]
[Opening "Ruy Lopez: closed, Lutikov variation"]
[ECO "C90"]
[NIC "RL.17"]
[Time "16:00:00"]
[TimeControl "180+0"]

1. e4 e5 2. Nf3 Nc6 3. Bb5 a6 4. Ba4 Nf6 5. O-O b5 6. Bb3 Be7 7. Re1 O-O 8.
c3 d6 9. Bc2 Bb7 10. d4 Re8 11. Nbd2 Bf8 12. Nf1 g6 13. Ng3 Bg7 14. Be3 exd4
15. cxd4 Nb4 16. Bb3 Nxe4 17. d5 Nxg3 18. hxg3 Bxb2 19. Rb1 Bg7 20. Qd2 a5
21. Bg5 Qd7 22. Nh2 Qf5 23. Rbd1 Na6 24. Be3 a4 25. Bc2 Qd7 26. Bd3 Nc5 27.
Bb1 Ne4 28. Qd3 b4 29. Ng4 Nc3 30. Rd2 Nxd5 31. Nh6+ Kh8 32. Red1 Nxe3 33.
fxe3 Qe7 34. Ng4 h5 35. Nf2 Qxe3 36. Qxe3 Rxe3 37. Rd4 b3 38. Rb4 Bc6 39. a3
Rae8 40. Rc1 Re1+ 41. Rxe1 Rxe1+ 42. Kh2 Rxb1 {White resigns} 0-1

[Event "ICCopen2017"]
[Site "Internet Chess Club"]
[Date "2017.03.25"]
[Round "10"]
[White "ComeonJimtal"]
[Black "shally"]
[Result "0-1"]
[ICCResult "White forfeits on time"]
[WhiteElo "1743"]
[BlackElo "1921"]
[Opening "Sicilian: wing gambit, Carlsbad variation"]
[ECO "B20"]
[NIC "SI.48"]
[Time "16:00:13"]
[TimeControl "180+0"]

1. e4 c5 2. b4 cxb4 3. a3 bxa3 4. Bxa3 d6 5. d4 Nf6 6. Be2 Nxe4 7. Nf3 e6 8.
Bd3 Nf6 9. Nbd2 d5 10. Bxf8 Kxf8 11. O-O g6 12. Ne5 Kg7 13. h3 Nbd7 14. f4
a6 15. c3 Qc7 16. Qc2 Nb8 17. Ndf3 Bd7 18. Rfb1 Nc6 19. Ng5 Be8 20. g4 Rc8
21. Qf2 Ne7 22. Rc1 Ra8 23. c4 dxc4 24. Rxc4 Qd6 25. Rac1 Ned5 26. Rc5 a5
27. Be4 a4 28. Bxd5 Nxd5 29. f5 exf5 30. gxf5 a3 31. Ne4 Qd8 32. fxg6 hxg6
33. Rxd5 Qh4 34. Qf6+ Qxf6 35. Nxf6 Kxf6 36. Ng4+ Kg7 37. Kg2 Bc6 38. Ne3 a2
39. Ra1 Rhe8 40. Kf2 Rxe3 41. Ra5 Rxa5 42. Kxe3 Bd5 43. Kd3 Rb5 44. Kc2 Rb4
45. Rd1 Rc4+ 46. Kb2 Rb4+ {White forfeits on time} 0-1

[Event "ICCopen2017"]
[Site "Internet Chess Club"]
[Date "2017.03.25"]
[Round "10"]
[White "oscarshe"]
[Black "bythebook"]
[Result "1-0"]
[ICCResult "Black forfeits on time"]
[WhiteElo "1390"]
[BlackElo "1483"]
[Opening "King's Indian: orthodox, Aronin-Taimanov, 9.Ne1"]
[ECO "E98"]
[NIC "KI.03"]
[Time "16:00:00"]
[TimeControl "180+0"]

1. d4 Nf6 2. c4 g6 3. Nc3 Bg7 4. e4 d6 5. Nf3 O-O 6. Be2 e5 7. O-O Nc6 8. d5
Ne7 9. Ne1 Ne8 10. f3 f5 11. g4 Kh8 12. Nd3 Ng8 13. Be3 Bh6 14. Bf2 Bd7 15.
h4 fxg4 16. fxg4 Rxf2 17. Kxf2 Qxh4+ 18. Kg2 Nef6 19. Rh1 Qg5 20. Qf1 Nxg4
21. Bxg4 Qxg4+ 22. Kh2 Rf8 23. Qg2 Qh4+ 24. Kg1 Be3+ 25. Nf2 Bxf2+ 26. Kf1
Bd4+ 27. Ke2 Rf2+ 28. Qxf2 Qxf2+ 29. Kd3 Nf6 30. Raf1 Qe3+ 31. Kc2 Nxe4 32.
Nxe4 Qxe4+ 33. Kb3 Bf5 34. Rc1 Qe2 35. Rb1 Qc2+ 36. Ka3 Bc5+ 37. b4 Bd4 38.
Rb3 Qd2 39. Rhh3 a5 40. Rh1 {Black forfeits on time} 1-0

[Event "ICCopen2017"]
[Site "Internet Chess Club"]
[Date "2017.03.25"]
[Round "10"]
[White "M-Ezat"]
[Black "aplusk"]
[Result "1/2-1/2"]
[ICCResult "White ran out of time and Black has no material to mate"]
[WhiteElo "2234"]
[BlackElo "2793"]
[Opening "Old Indian defense"]
[ECO "A42"]
[NIC "OI.07"]
[Time "15:59:04"]
[TimeControl "180+0"]

1. d4 d6 2. c4 e5 3. Nf3 Nd7 4. Nc3 g6 5. Bg5 f6 6. Be3 Bg7 7. h4 Ne7 8. h5
Nf5 9. hxg6 hxg6 10. Rxh8+ Bxh8 11. Qc2 Kf7 12. dxe5 Nxe3 13. e6+ Kxe6 14.
Qxg6 Ne5 15. Nxe5 dxe5 16. fxe3 c6 17. Rd1 Qf8 18. g3 Ke7 19. Ne4 Qg7 20.
Qxg7+ Bxg7 21. Nd6 Bh6 22. Kf2 Be6 23. Nxb7 Bxc4 24. Nc5 Rd8 25. Rc1 Bf7 26.
Rc2 Bxa2 27. b3 Bb1 28. Rb2 Bf5 29. Ra2 Ra8 30. Bg2 Kd6 31. Nb7+ Kc7 32. Na5
Bd7 33. b4 Rb8 34. Rc2 Rb6 35. b5 Rxb5 36. Nxc6 Bxc6 37. Rxc6+ Kd8 38. Rxf6
Bg5 39. Rg6 Be7 40. Rg8+ Kc7 41. Rg6 Bc5 42. Re6 Bb6 43. Kf3 Rb3 44. Rxe5
Rxe3+ 45. Rxe3 Kd6 46. Ra3 Kc5 47. Rxa7 Bxa7 48. Ke4 Kd6 49. Kf5 Ke7 50. g4
Bb8 51. g5 Bc7 52. g6 Kf8 53. Bd5 Bd8 54. e4 Kg7 55. e5 Be7 56. e6 Ba3 57.
Be4 Be7 58. Kg4 Bf6 59. Kf3 Be7 60. Ke2 Kf6 61. Kd3 Kg7
{White ran out of time and Black has no material to mate}
1/2-1/2